AoeStats
← Walid93

Arabia

510531879Analyzed
1v1 RM · 16h ago on Oct 1, 2026· 46m 51s· 2 players
Game mode
Random Map
Map size
Tiny (2 player)
Population
200
Speed
Normal
Resources
Standard
Victory
Conquest
Starting age
Dark Age
Ending age
Imperial Age
RankedLock teamsTeams togetherTeam positionsShared explorationLock speedFull tech treeHidden civsTurbo modeCheats
Victory
Defeat
🇪🇸 Cumans · Spain
1125
+17
🇨🇭 Byzantines · Switzerland
1143
-17
kikemzhz
4:42 Loom
9:27 Feudal Age
14:22 Double-Bit Axe
15:04 Horse Collar
16:50 Horse Collar
19:08 Gold Mining
19:58 Wheelbarrow
24:02 Castle Age
23:36 Fletching
23:46 Padded Archer Armor
25:04 Thumb Ring
26:36 Hand Cart
26:28 Bodkin Arrow
26:49 Leather Archer Armor
27:27 Ballistics
32:24 Bloodlines
32:03 Capped Ram
33:34 Light Cavalry
35:41 Steppe Husbandry
36:59 Scale Mail Armor
37:09 Forging
37:06 Scale Barding Armor
40:36 Imperial Age
39:23 Chain Barding Armor
39:39 Iron Casting
41:14 Bow Saw
40:52 Hussar
42:45 Plate Barding Armor
48:16 Chemistry
Walid93
5:52 Loom
6:46 Loom
9:07 Feudal Age
12:49 Double-Bit Axe
20:35 Castle Age
23:19 Wheelbarrow
23:31 Wheelbarrow
24:08 Bow Saw
23:38 Horse Collar
29:51 Elite Skirmisher
32:57 Ballistics
33:43 Fletching
39:41 Bodkin Arrow
44:28 Imperial Age
42:54 Padded Archer Armor
44:01 Scale Barding Armor
44:07 Forging
44:45 Husbandry
45:06 Chain Barding Armor
44:49 Heavy Camel Rider
45:22 Gold Mining
47:30 Iron Casting
47:36 Plate Barding Armor
Connection lost

Rejoining the realm…

Still unreachable

The connection could not be restored.

Session expired

The server has moved on; the page needs a fresh start.